 Dungeon Crawl Stone Soup version 0.16-a0-3997-g61da7c2 (webtiles) character file.

5021 kroki the Skirmisher (level 10, -3/53 HPs)
             Began as a Vine Stalker Air Elementalist on Feb 13, 2015.
             Was a Priest of Cheibriados.
             Slain by an eight-headed hydra (7 damage)
             ... on level 1 of the Lair of Beasts.
             The game lasted 00:18:56 (7877 turns).

kroki the Skirmisher (VSAE)                         Turns: 7877, Time: 00:18:57

Health: -3/53      AC:  7    Str: 20    XL:     10   Next: 55%
Magic:  0/24       EV: 20    Int: 23    God:    Cheibriados [***...]
Gold:   475        SH:  0    Dex: 33    Spells: 2 memorised, 16 levels left

rFire  + . .     SeeInvis .     y - +9 short sword of Vexus {drain, rPois+ Dex+3}
rCold  . . .     Clarity  .     J - +0 leather armour {rF+}
rNeg   . . .     SustAb   .     (no shield)
rPois  +         Gourm    .     k - +2 helmet
rElec  .         Spirit   +     (no cloak)
rCorr  .         Warding  .     I - +0 pair of gloves
rMut   .         Stasis   .     (no boots)
MR     ++...                    M - amulet of regeneration {+regen, !d}
Stlth  +++++.....               L - ring of protection from magic {MR+, !d}
                                E - +4 ring of slaying

@: agile, very slightly contaminated, repel missiles, very slow, very resistant
to hostile enchantments, quite stealthy
A: fangs 3, regeneration 2, magic shield, antimagic bite, no device heal 3, rot
immunity
a: Bend Time, Temporal Distortion, Renounce Religion


You were on level 1 of the Lair of Beasts.
You worshipped Cheibriados.
Cheibriados was most pleased with you.
You were not hungry.

You visited 3 branches of the dungeon, and saw 10 of its levels.

You collected 475 gold pieces.

Inventory:

Hand weapons
 y - the +9 short sword of Vexus (weapon) {drain, rPois+ Dex+3}
   (You found it on level 4 of the Dungeon)

   A truly terrible weapon, it drains the life of those it strikes.
   It affects your dexterity (+3).
   It protects you from poison.
Missiles
 x - 283 stones (quivered)
Armour
 k - a +2 helmet (worn)
   (You took it off Robin on level 2 of the Dungeon)
 I - a +0 pair of gloves (worn)
   (You found it on level 6 of the Dungeon)
 J - a +0 leather armour of fire resistance (worn)
   (You took it off Eustachio on level 6 of the Dungeon)
 Q - a +2 robe of magic resistance
   (You took it off a wight on level 6 of the Dungeon)
Jewellery
 f - a -3 ring of protection
   (You found it on level 7 of the Dungeon)
 C - an uncursed amulet of clarity {Clar, !d}
   (You found it on level 5 of the Dungeon)
 E - a +4 ring of slaying (left hand)
   (You took it off a goblin on level 2 of the Dungeon)
 F - an uncursed amulet of resist corrosion {rCorr, !d}
   (You took it off a goblin on level 2 of the Dungeon)
 L - a ring of protection from magic (right hand) {MR+, !d}
   (You found it on level 4 of the Dungeon)
 M - an amulet of regeneration (around neck) {+regen, !d}
   (You found it on level 6 of the Dungeon)
Magical devices
 e - a wand of digging (11)
   (You took it off an orc wizard on level 8 of the Dungeon)
Scrolls
 g - 2 scrolls of fog
 h - 2 scrolls of remove curse
 i - a scroll of identify
 j - 2 scrolls of recharging
 u - a scroll of enchant armour
Potions
 a - a potion of degeneration {unknown}
 c - 6 potions of heal wounds {unknown}
 d - a potion of might
 l - a potion of poison {!q}
 m - a potion of resistance {unknown}
 v - 4 potions of curing {unknown}
 w - a potion of agility
 z - 4 potions of restore abilities {unknown}
 A - 2 potions of mutation {unknown}
 B - 2 potions of cure mutation {!q}
 H - 2 potions of cancellation {unknown}
 N - 2 potions of brilliance
 P - a potion of invisibility {unknown}
Books
 b - a book of Air
Comestibles
 n - 3 chunks of flesh {@w0}
 p - a beef jerky
 q - a slice of pizza
 s - a fruit
 G - 5 meat rations {@e2}
 O - 5 bread rations {@e1}


   Skills:
 + Level 6.7 Fighting
 * Level 6.2 Short Blades
 * Level 3.4 Dodging
 + Level 5.4 Stealth
 - Level 5.5 Unarmed Combat
 - Level 5.3 Spellcasting
 - Level 1.0 Conjurations
 - Level 3.7 Charms
 - Level 3.0 Air Magic
 - Level 5.1 Invocations


You had 16 spell levels left.
You knew the following spells:

 Your Spells              Type           Power        Failure   Level  Hunger
a - Shock                 Conj/Air       ###.         6%          1    None
d - Repel Missiles        Chrm/Air       ###...       4%          2    None


Dungeon Overview and Level Annotations

Branches:
Dungeon (8/15)             Temple (1/1) D:6            Lair (1/8) D:8

Altars:
Ashenzari
Cheibriados
Dithmenos
Elyvilon
Fedhas
Gozag
Kikubaaqudgha
Makhleb
Nemelex Xobeh
Ru
Sif Muna
Trog
Vehumet
Xom
Yredelemnul
Zin
The Shining One


Innate Abilities, Weirdness & Mutations

You have razor-sharp teeth.
You heal very quickly.
When hurt, damage is shared between your health and your magic reserves.
Your bite disrupts and absorbs the magic of your enemies.
Potions and wands cannot restore your health.
You are immune to rotting.


Message History

No target in view!
You see here a water moccasin corpse.
x - 286 stones (gained 1)
x - 287 stones (gained 1)
D - a silver javelin A giant frog comes into view.
The giant frog gives a loud, deep croak!
You see here a silver javelin.
A giant frog is nearby!
A giant frog is nearby!
A giant frog is nearby!
A giant frog is nearby!
A giant frog is nearby!
You throw a silver javelin. The silver javelin hits the giant frog.
You throw a stone. The stone hits the giant frog.
You throw a stone. The stone hits the giant frog.
You impale the giant frog!!
You kill the giant frog!
Cheibriados thoroughly appreciates the change of pace.
D - a silver javelin An eight-headed hydra comes into view.
You throw a silver javelin. The eight-headed hydra roars!
The silver javelin hits the eight-headed hydra!
An eight-headed hydra is nearby!
You throw a stone. The stone hits the eight-headed hydra.
An eight-headed hydra is nearby!
You throw a stone.
The stone hits the eight-headed hydra but does no damage.
An eight-headed hydra is nearby!
An eight-headed hydra is nearby!
Okay, then.
Put on which piece of jewellery? (? for menu, Esc to quit)
You remove your ring of protection from magic {MR+, !d}.
Oops, that ring feels deathly cold.
f - a cursed -3 ring of protection (right hand) Read which item? (? for menu, Esc to quit)
As you read the scroll of remove curse, it crumbles to dust.
You feel as if something is helping you.
Put on which piece of jewellery? (? for menu, Esc to quit)
You're wearing all the rings you can.
Remove which one? (? for menu, Esc to cancel) < or
E - a +4 ring of slaying; > or
f - a -3 ring of protection You remove your -3 ring of protection.
L - a ring of protection from magic (right hand) {MR+, !d} The flow of time bends around you.
The eight-headed hydra resists with some effort.
You feel slightly more hungry. The eight-headed hydra bites you!
The eight-headed hydra closely misses you. x2
The eight-headed hydra barely misses you.
The eight-headed hydra closely misses you.
The eight-headed hydra barely misses you.
The eight-headed hydra closely misses you.
The eight-headed hydra bites you.
You take 11 damage, and have 42/53 hp.
MASSIVE DAMAGE!!
You now have 17/24 mp.
The flow of time bends around you.
The eight-headed hydra easily resists.
You feel slightly more hungry. The eight-headed hydra bites you.
The eight-headed hydra closely misses you. x2
The eight-headed hydra barely misses you.
The eight-headed hydra bites you! x2
The eight-headed hydra bites you. The eight-headed hydra bites you!
* * * LOW HITPOINT WARNING * * *
You take 28 damage, and have 14/53 hp.
MASSIVE DAMAGE!!
You now have 5/24 mp.
Read which item? (? for menu, Esc to quit)
Really read
K - a scroll of blinking {!r}?
Blink to where?
You are very lightly contaminated with residual magic.
As you read the scroll of blinking {!r}, it crumbles to dust.
Read which item? (? for menu, Esc to quit)
Okay, then.
Unknown command.
Things that are here:
a wolf corpse; a warg corpse The rock shatters into small pieces.
Evoking this partially-identified wand wasted a few charges.
Read which item? (? for menu, Esc to quit)
Okay, then.
Drink which item? (? for menu, Esc to quit)
You feel agile all of a sudden. The eight-headed hydra bites you. x2
The eight-headed hydra barely misses you. x2
The eight-headed hydra bites you.
* * * LOW HITPOINT WARNING * * *
The eight-headed hydra misses you. x3
You take 6 damage, and have 15/53 hp.
You now have 4/24 mp.
Drink which item? (? for menu, Esc to quit)
Okay, then.
The flow of time bends around you.
The eight-headed hydra resists with some effort.
You feel slightly more hungry. The eight-headed hydra bites you.
* * * LOW HITPOINT WARNING * * *
The eight-headed hydra bites you!
* * * LOW HITPOINT WARNING * * *
The eight-headed hydra completely misses you.
The eight-headed hydra bites you!
You die...

#...............#.
.+...............# # ###
##.............## .##.##
#.............# ....
#............## #.[#
#.............# ##..#
P.............# ##...#
.............###....#
...........##@P##..## .
.........P.#..D.#.##
..... ..........###.÷†.##
.....
..........####†..##......
........................
..............†.........
........................
........................
.......................


You could see an eight-headed hydra.

Vanquished Creatures
  Pikel (D:5)
  A black mamba (Lair:1)
  A spiny frog (Lair:1)
  The ghost of Vidiiot the Slicer, an average KoBe of Trog (D:6)
  Eustachio (D:6)
  4 wolves (Lair:1)
  A warg (Lair:1)
  4 water moccasins
  An ice beast (D:5)
  A slave (D:5)
  A porcupine (Lair:1)
  3 orc warriors
  3 centaurs
  2 ogres (D:8)
  Sigmund (D:6)
  Duvessa (D:4)
  3 giant frogs
  A scorpion (D:8)
  3 killer bees (D:7)
  3 wights (D:6)
  Dowan (D:4)
  6 crimson imps
  2 giant frog zombies
  A goliath beetle (D:7)
  3 hounds
  2 iguanas
  6 orc priests
  2 worker ants
  Natasha (twice) (D:6)
  4 orc wizards
  A killer bee zombie (D:6)
  2 mummies
  Robin (D:2)
  A worker ant zombie (D:4)
  3 gnolls
  4 river rats (D:3)
  A shadow imp (D:8)
  9 adders
  A giant mite (D:6)
  A worm (D:2)
  2 adder skeletons
  9 giant geckos
  An ooze (D:1)
  26 orcs
  3 ball pythons
  10 bats
  A bat zombie (D:5)
  3 giant cockroaches
  29 goblins
  13 hobgoblins
  4 giant newts
  9 jackals
  13 kobolds
  5 quokkas
  13 rats
  2 plants (D:3)
233 creatures vanquished.

Vanquished Creatures (others)
  A slave (D:6)
  2 wights (D:6)
  A bat (D:6)
  A giant gecko skeleton (D:6)
5 creatures vanquished.

Grand Total: 238 creatures vanquished

Notes
Turn   | Place    | Note
--------------------------------------------------------------
     0 | D:1      | kroki, the Vine Stalker Air Elementalist, began the quest for the Orb.
     0 | D:1      | Reached XP level 1. HP: 9/9 MP: 3/3
   150 | D:1      | Reached skill level 1 in Unarmed Combat
   181 | D:1      | Reached XP level 2. HP: 7/13 MP: 3/5
   419 | D:1      | Reached skill level 2 in Unarmed Combat
   621 | D:1      | Reached XP level 3. HP: 16/16 MP: 0/7
   882 | D:2      | Reached skill level 3 in Unarmed Combat
  1292 | D:2      | Reached XP level 4. HP: 21/21 MP: 4/8
  1491 | D:2      | HP: 5/21 [hobgoblin/club[Robin] (6)]
  1750 | D:2      | Noticed Robin
  1759 | D:2      | Reached skill level 4 in Unarmed Combat
  1779 | D:2      | Killed Robin
  2074 | D:3      | Found a basalt altar of Yredelemnul.
  2085 | D:3      | Reached XP level 5. HP: 24/24 MP: 11/11
  2472 | D:3      | Reached skill level 5 in Unarmed Combat
  3212 | D:4      | Reached skill level 1 in Fighting
  3212 | D:4      | Gained mutation: You heal very quickly. [vine stalker growth]
  3212 | D:4      | Reached XP level 6. HP: 19/30 MP: 9/12
  3322 | D:4      | Got a jewelled short sword
  3360 | D:4      | Noticed Duvessa
  3361 | D:4      | Noticed Dowan
  3392 | D:4      | Killed Duvessa
  3392 | D:4      | Reached skill level 2 in Fighting
  3500 | D:4      | Killed Dowan
  3500 | D:4      | Reached skill level 3 in Fighting
  3966 | D:5      | Entered Level 5 of the Dungeon
  3966 | D:5      | Noticed a water moccasin
  4112 | D:5      | Killed a water moccasin
  4112 | D:5      | Reached XP level 7. HP: 30/37 MP: 12/15
  4208 | D:5      | Reached skill level 4 in Fighting
  4208 | D:5      | Reached skill level 3 in Spellcasting
  4746 | D:6      | Found a staircase to the Ecumenical Temple.
  4748 | D:6      | Noticed Pikel
  4843 | D:5      | Killed Pikel
  4843 | D:5      | Reached skill level 5 in Fighting
  4843 | D:5      | Reached skill level 5 in Spellcasting
  4843 | D:5      | Gained mutation: You have razor-sharp teeth. [vine stalker growth]
  4843 | D:5      | Reached XP level 8. HP: 24/44 MP: 18/22
  4886 | Temple   | Entered the Ecumenical Temple
  4932 | Temple   | Became a worshipper of Cheibriados the Contemplative
  5014 | D:6      | Found a radiant altar of Vehumet.
  5022 | D:6      | Noticed Vidiiot's ghost (average KoBe)
  5024 | D:6      | Identified the +9 short sword of Vexus {drain, rPois+ Dex+3} (You found it on level 4 of the Dungeon)
  5047 | D:6      | Killed Vidiiot's ghost
  5047 | D:6      | Reached skill level 2 in Dodging
  5105 | D:6      | Reached skill level 1 in Short Blades
  5143 | D:6      | Found an ancient bone altar of Kikubaaqudgha.
  5149 | D:6      | Reached skill level 2 in Short Blades
  5162 | D:6      | Noticed Eustachio
  5179 | D:6      | Killed Eustachio
  5179 | D:6      | Reached skill level 3 in Short Blades
  5179 | D:6      | Reached XP level 9. HP: 46/48 MP: 23/23
  5186 | D:6      | Found a shimmering altar of Xom.
  5207 | D:6      | Found a sparkling altar of Nemelex Xobeh.
  5214 | D:6      | Found a shattered altar of Ashenzari.
  5234 | D:6      | Found a basalt altar of Yredelemnul.
  5289 | D:6      | Found an opulent altar of Gozag.
  5299 | D:6      | Found a white marble altar of Elyvilon.
  5336 | D:6      | Reached skill level 4 in Short Blades
  5368 | D:6      | Noticed Sigmund
  5375 | D:6      | Killed Sigmund
  5375 | D:6      | Reached skill level 1 in Invocations
  5427 | D:6      | Noticed Natasha
  5431 | D:6      | Killed Natasha
  5668 | D:6      | Noticed Natasha
  5677 | D:6      | Killed Natasha
  5677 | D:6      | Reached skill level 2 in Invocations
  5776 | D:7      | Reached skill level 3 in Invocations
  5802 | D:7      | Found a glowing golden altar of the Shining One.
  6028 | D:7      | Learned a level 2 spell: Repel Missiles
  6037 | D:7      | Reached skill level 4 in Invocations
  6496 | D:7      | Reached skill level 5 in Short Blades
  6783 | D:8      | Found a bloodstained altar of Trog.
  6803 | D:8      | Reached skill level 5 in Invocations
  6896 | D:8      | Reached skill level 3 in Stealth
  6987 | D:8      | Found a staircase to the Lair.
  7016 | D:8      | Acquired Cheibriados' first power
  7016 | D:8      | Reached skill level 1 in Charms
  7019 | D:8      | Reached skill level 2 in Charms
  7367 | D:8      | Reached skill level 3 in Charms
  7379 | D:8      | Reached XP level 10. HP: 53/53 MP: 24/24
  7382 | D:8      | Reached skill level 6 in Fighting
  7545 | Lair:1   | Entered Level 1 of the Lair of Beasts
  7678 | Lair:1   | Noticed a black mamba
  7685 | Lair:1   | Killed a black mamba
  7685 | Lair:1   | Reached skill level 4 in Stealth
  7796 | Lair:1   | Reached skill level 6 in Short Blades
  7796 | Lair:1   | Reached skill level 3 in Dodging
  7798 | Lair:1   | Reached skill level 5 in Stealth
  7859 | Lair:1   | Noticed an eight-headed hydra
  7877 | Lair:1   | HP: 13/53 [eight-headed hydra (3)]
  7877 | Lair:1   | HP: 4/53 [eight-headed hydra (9)]
  7877 | Lair:1   | Slain by an eight-headed hydra

Action                   |  1- 3 |  4- 6 |  7- 9 | 10-12 || total
-------------------------+-------+-------+-------+-------++-------
Melee: Unarmed           |    71 |   222 |    60 |       ||   353
       Short sword       |       |       |   164 |    26 ||   190
Throw: Stone             |       |    20 |    23 |    27 ||    70
       Throwing net      |       |     1 |     1 |       ||     2
       Javelin           |       |       |    48 |    21 ||    69
 Cast: Shock             |    49 |    21 |       |       ||    70
       Repel Missiles    |       |       |     4 |       ||     4
Invok: Bend Time         |       |       |    10 |     5 ||    15
Evoke: Wand              |       |       |       |     1 ||     1
  Use: Scroll            |       |    18 |     8 |     2 ||    28
       Potion            |       |     3 |       |     1 ||     4
 Stab: Sleeping          |       |     2 |     2 |       ||     4
       Distracted        |       |       |     2 |       ||     2
       Held in net/web   |       |       |     1 |       ||     1
  Eat: Chunk             |     1 |     4 |     4 |     2 ||    11
       Bread ration      |       |     1 |       |       ||     1
       Beef jerky        |       |     1 |     1 |       ||     2
       Meat ration       |       |       |     1 |       ||     1

Vault maps used:
D:1:      saegor_arrival_under_anarchy, nrook_mini_backslash
D:2:      uniq_robin
D:3:      wad_woods_stonehenge
D:4:      uniq_duvessa
D:5:      first_bread, grunt_decor_fettered, kennysheep_flooded_box
D:6:      nicolae_overflow_quartered_altars, minmay_overflow_temple_star_quad,
          minmay_temple_entry_statues_pillars, basic_altar, uniq_pikel,
          uniq_natasha, uniq_sigmund, uniq_eustachio
D:7:      tso_metal_star
D:8:      kennysheep_mini, lair_0_dummy
Temple:   temple_eino_lava_8
Lair:1:   beast_lair_carwin_large_2, basic_altar

Table legend:
 A = Turns spent in this place as a percentage of turns spent in the entire game.
 B = Non-inter-level travel turns spent in this place as a percentage of non-inter-level travel turns spent in the entire game.
 C = Inter-level travel turns spent in this place as a percentage of turns spent in this place.
 D = Turns resting spent in this place as a percentage of non-inter-level travel turns spent in this place.
 E = Turns spent auto-exploring this place as a percentage of non-inter-level travel turns spent in this place.
 F = Non-inter-level travel turns spent in this place divided by the number of levels of this place that you've seen.
                   A       B       C       D       E      F
               +-------+-------+-------+-------+-------+----------------------
         Total | 100.0 | 100.0 |   0.9 |   2.6 |  11.8 | 288.0
       Dungeon |  93.4 |  93.4 |   0.9 |   2.6 |  11.8 | 336.2
        Temple |   0.3 |   0.3 |  20.0 |   0.0 |  62.5 |   8.0
          Lair |   6.3 |   6.3 |   0.0 |   2.2 |   8.8 | 182.0
               +-------+-------+-------+-------+-------+----------------------

Table legend:
 A = Kills in this place as a percentage of kills in entire the game.
 B = Kills by you in this place as a percentage of kills by you in the entire game.
 C = Kills by friends in this place as a percentage of kills by friends in the entire game.
 D = Other kills in this place as a percentage of other kills in the entire game.
 E = Experience gained in this place as a percentage of experience gained in the entire game.
 F = Experience gained in this place divided by the number of levels of this place that you have seen.
                   A       B       C       D       E      F
               +-------+-------+-------+-------+-------+----------------------
         Total | 100.0 | 100.0 |  -nan |  -nan | 100.0 | 717.4
       Dungeon |  93.4 |  93.4 |  -nan |  -nan |  66.4 | 595.8
          Lair |   6.6 |   6.6 |  -nan |  -nan |  33.6 | 2408.0
               +-------+-------+-------+-------+-------+----------------------
